 Dungeon Crawl Stone Soup version 0.28-a0-1159-g27aa881441 (webtiles) character file.

Game seed: 6520978061047502774

490 lonewolfV2 the Chopper (level 6, -1/56 HPs)
             Began as a Minotaur Fighter on Dec 15, 2021.
             Slain by a yak (4 damage)
             ... on level 4 of the Dungeon.
             The game lasted 00:04:28 (3119 turns).

lonewolfV2 the Chopper (Minotaur Fighter)           Turns: 3119, Time: 00:04:29

Health: -1/56      AC:  8    Str: 22    XL:     6   Next: 90%
Magic:  5/5        EV: 10    Int:  5    God:
Gold:   185        SH:  4    Dex: 10    Spells: 5/5 levels left

rFire   . . .      SeeInvis .   l - +0 flail (holy)
rCold   . . .      Faith    .   c - +0 buckler
rNeg    . . .      Spirit   .   b - +1 scale mail
rPois   .          Reflect  .   (helmet restricted)
rElec   .          Harm     .   (no cloak)
rCorr   .          Rampage  .   (no gloves)
Will    .....                   (no boots)
Stlth   ..........              (no amulet)
HPRegen 0.18/turn               (no ring)
MPRegen 0.09/turn               (no ring)

@: no status effects
A: horns 2, retaliatory headbutt
a: no special abilities


You were on level 4 of the Dungeon.
You visited 1 branch of the dungeon, and saw 5 of its levels.

You collected 185 gold pieces.

Inventory:

Hand Weapons
 a - a +0 war axe
 l - a +0 flail of holy wrath (weapon)
Armour
 b - a +1 scale mail (worn)
 c - a +0 buckler (worn)
Jewellery
 g - an amulet of reflection
Scrolls
 f - 2 scrolls of fear
 h - 2 scrolls of noise
 i - a scroll of identify
 k - 5 scrolls of amnesia
 m - a scroll of teleportation
Potions
 d - a potion of might
 e - a potion of cancellation {unknown}
 j - 2 potions of heal wounds {unknown}
 n - a potion of ambrosia {unknown}


   Skills:
 + Level 5.2 Fighting
 + Level 5.6 Axes
 + Level 0.4(3.4) Maces & Flails
 + Level 5.5 Armour
 + Level 1.7 Dodging
 + Level 0.6 Stealth
 + Level 4.8 Shields


You had 5 spell levels left.
You didn't know any spells.
Your spell library was empty.

Dungeon Overview and Level Annotations

Branches:
Dungeon (5/15)
 Temple: D:4-7

Altars:
Dithmenos
Gozag
Kikubaaqudgha
Trog

Annotations:
D:3 1 runed translucent door


Innate Abilities, Weirdness & Mutations

You have a pair of horns on your head.
You reflexively headbutt those who attack you in melee.


Message History

The orc warrior is heavily wounded.
The orc warrior hits you with a +0 mace!
The yak barely misses you. You furiously retaliate!
You headbutt the yak!
The orc warrior hits you with a +0 mace.
You completely miss the orc warrior.
The orc warrior is heavily wounded.
The yak completely misses you. You furiously retaliate!
You headbutt the yak! The orc warrior completely misses you.
The yak barely misses you.
You barely miss the orc warrior.
The orc warrior is heavily wounded.
The orc warrior completely misses you. The yak gores you.
You closely miss the orc warrior.
You headbutt the orc warrior, but do no damage.
The orc warrior is heavily wounded.
The orc warrior hits you with a +0 mace.
The yak gores you!
* * * LOW HITPOINT WARNING * * *
You closely miss the orc warrior.
The orc warrior is heavily wounded.
The orc warrior completely misses you.
The yak snorts and paws the ground.
You block the yak's attack.
The orc warrior hits you with a +0 mace.
* * * LOW HITPOINT WARNING * * *
You block the yak's attack.
There is a stone staircase leading up here.
The yak barely misses you. You furiously retaliate!
You headbutt the yak, but do no damage.
You climb upwards.
There is a stone staircase leading down here.
You barely miss the yak.
The yak is heavily wounded.
The yak gores you.
* * * LOW HITPOINT WARNING * * *
The yak gores you.
* * * LOW HITPOINT WARNING * * *
You hit the yak. You headbutt the yak.
The yak is severely wounded.
The yak gores you.
You die...

##.# ##.## ##.###..#
#.# ##.###.###...# #.#
##....##....# #.#
###....#.#.## #.#
#...........# #.#
#.#....#.#.## #.#
#.##.##...## ##.#
#.##Y###.## ##.######
#.##@# #.#
##......#####.##.# #.#
.......)......##.###)#
#######.########.[...#
.........# #.#####
#.#.#.#..# #.#
#.#.#.#.[# #.#
#.#.#.#..# #.#
.......).# #.#


You could see a yak.

Vanquished Creatures
  Sigmund (D:3)
  An ogre (D:4)
  A bullfrog (D:3)
  The ghost of DasBelly the Firebug, a weakling DEFE (D:3)
  A hound (D:3)
  A hound skeleton (D:4)
  4 adders
  2 river rats (D:3)
  A worm (D:3)
  2 dart slugs
  3 orcs
  4 bats
  7 endoplasms
  2 giant cockroaches
  10 goblins
  6 hobgoblins
  4 kobolds
  3 quokkas
  2 ball pythons (D:3)
  2 frilled lizards (D:1)
  4 rats
62 creatures vanquished.

Vanquished Creatures (others)
  A human (D:3)
  3 plants (D:3)
4 creatures vanquished.

Grand Total: 66 creatures vanquished

Notes
Turn   | Place    | Note
-------+----------+-------------------------------------------
     0 | D:1      | lonewolfV2 the Minotaur Fighter began the quest for the
                  | Orb.
     0 | D:1      | Reached XP level 1. HP: 19/19 MP: 0/0
   324 | D:1      | Reached XP level 2. HP: 27/27 MP: 1/1
   946 | D:2      | Reached XP level 3. HP: 26/33 MP: 2/2
  1028 | D:2      | Found a shadowy altar of Dithmenos.
  1373 | D:3      | Reached XP level 4. HP: 40/41 MP: 3/3
  1399 | D:3      | Found a bloodstained altar of Trog.
  1511 | D:3      | Found an ancient bone altar of Kikubaaqudgha.
  1512 | D:3      | Noticed a human
  1517 | D:3      | Killed a human
  1524 | D:3      | Noticed Sigmund
  1533 | D:3      | Killed Sigmund
  1534 | D:3      | Reached skill level 1 in Dodging
  1534 | D:3      | Reached XP level 5. HP: 35/47 MP: 4/4
  1794 | D:3      | Found a runed translucent door.
  1795 | D:3      | Noticed DasBelly's ghost (weakling DEFE)
  1814 | D:3      | Found a runed translucent door.
  1947 | D:3      | Found a faded altar of an unknown god.
  2195 | D:3      | Reached skill level 5 in Armour
  2195 | D:3      | Reached XP level 6. HP: 45/55 MP: 5/5
  2196 | D:3      | Killed DasBelly's ghost
  2197 | D:3      | Reached skill level 5 in Axes
  2205 | D:3      | Reached skill level 5 in Fighting
  2500 | D:4      | Found an opulent altar of Gozag.
  3098 | D:5      | Entered Level 5 of the Dungeon
  3098 | D:5      | Noticed an orc warrior
  3104 | D:5      | Noticed a yak
  3118 | D:4      | HP: 2/56 [yak (1)]
  3119 | D:4      | Slain by a yak

Illustrated notes

Levels and vault maps discovered:
D:1:      dpeg_arrival_short_road, layout_rooms, item_on_display_a
D:2:      layout_basic, basic_altar
D:3:      layout_basic, tgw_kikubaaqudgha, mainiacjoe_overflow_cross_hatched,
          ebering_ghost_sewer_f, serial_rivers, chequers_serial_rivers_large_a,
          chequers_serial_rivers_micro_b, chequers_serial_rivers_micro_e,
          chequers_serial_rivers_micro_b, basic_ecumenical_altar,
          kennysheep_generic_room_10, uniq_sigmund
D:4:      layout_loops_ring, mainiacjoe_overflow_alcove_2
D:5:      layout_basic, minmay_temple_entry_mist, serial_shops,
          nicolae_stop_n_shop_2, minmay_manual_mandibuliform

Skill      XL: |  1  2  3  4  5  6 |
---------------+-------------------+-----
Fighting       | 4 5 |  5.2
Armour         | 4 5 |  5.5
Shields        | 4 |  4.8
Axes           | 3 4 5 |  5.6
Dodging        | 1 |  1.7
Maces & Flails | |  0.4
Stealth        | |  0.6

Action                   |  1- 3 |  4- 6 || total
-------------------------+-------+-------++-------
Melee: War axe           |    58 |    51 ||   109
       Headbutt          |     5 |    19 ||    24
       Flail             |       |    47 ||    47
  Use: Scroll            |     5 |     2 ||     7
Armor: Scale mail        |    49 |    34 ||    83
Dodge: Dodged            |    29 |    65 ||    94
Block: Buckler           |    12 |    25 ||    37

Table legend: (Time is in decaauts)
 A = Elapsed time spent in this place.
 B = Non-inter-level travel time spent in this place.
 C = Inter-level travel time spent in this place.
 D = Time resting spent in this place.
 E = Time spent auto-exploring this place.
 F = Levels seen in this place.
 G = Mean time per level.
                   A        B        C        D        E       F      G
               +--------+--------+--------+--------+--------+-----+--------+
         Total |   3201 |   3154 |     47 |    183 |   2349 |   5 |  640.2 |
       Dungeon |   3201 |   3154 |     47 |    183 |   2349 |   5 |  640.2 |
               +--------+--------+--------+--------+--------+-----+--------+

Top non-repeatable levels by time:
     D:3: 1220 daAuts
     D:1: 683 daAuts
     D:4: 681 daAuts
     D:2: 594 daAuts
     D:5: 20 daAuts
